 Dungeon Crawl Stone Soup version 0.27.0-66-gdc8fb28755 (webtiles) character file.

Game seed: 6046754336215863076

1047 Kinoniko the Cleaver (level 8, -7/64 HPs)
             Began as a Hill Orc Fighter on Aug 20, 2021.
             Splashed by an acid dragon's acid (15 damage)
             ... on level 5 of the Dungeon.
             The game lasted 00:04:58 (4348 turns).

Kinoniko the Cleaver (Hill Orc Fighter)             Turns: 4348, Time: 00:05:00

Health: -7/64      AC:  4    Str: 21    XL:     8   Next: 25%
Magic:  8/8        EV:  6    Int:  8    God:
Gold:   161        SH: 15    Dex: 10    Spells: 7/7 levels left

rFire    . . .     SeeInvis .   a - +1 war axe
rCold    . . .     Faith    .   k - +5 kite shield {AC+3}
rNeg     . . .     Spirit   .   i - +0 chain mail
rPois    .         Reflect  .   (no helmet)
rElec    .         Harm     .   (no cloak)
rCorr    .         Rampage  .   (no gloves)
Will     .....                  (no boots)
Stlth    ..........             (no amulet)
HPRegen  0.20/turn              (no ring)
MPRegen  0.11/turn              (no ring)

@: corroded
A: no striking features
a: no special abilities


You were on level 5 of the Dungeon.
You visited 1 branch of the dungeon, and saw 5 of its levels.
You also visited: Sewer.

You collected 161 gold pieces.

Inventory:

Hand Weapons
 a - a +1 war axe (weapon)
Armour
 b - a +0 scale mail
 c - a +0 kite shield
 d - a +0 troll leather armour {Purgy}
 i - a +0 chain mail (worn)
 k - a +5 kite shield of protection (worn)
 s - the +1 leather armour "Ceizahau" {Rampage Regen+ Int+2 Stlth+}
   (You found it on level 4 of the Dungeon)

   Int:       It affects your intelligence (+2).
   Regen:     It increases your rate of health regeneration.
   Rampage:   It bestows one free step when moving towards enemies.
   Stlth:     It makes you more stealthy.
Scrolls
 h - a scroll of torment {unknown}
 o - a scroll of enchant weapon
 p - 2 scrolls of teleportation
 r - a scroll of amnesia
Potions
 e - a potion of mutation {unknown}
 f - a potion of attraction {unknown}
 g - a potion of ambrosia {unknown}
 l - 2 potions of haste {unknown}
 m - a potion of berserk rage {unknown}
 n - a potion of lignification {unknown}
 t - 2 potions of magic {unknown}


   Skills:
 - Level 3.6 Fighting
 * Level 10.8 Axes
 - Level 3.2 Armour
 + Level 6.1 Shields


You had 7 spell levels left.
You didn't know any spells.
Your spell library contained the following spells:

 Spells                   Type           Power      Damage    Failure   Level
 Beastly Appendage        Tmut           0%         N/A       100%        1
 Foxfire                  Conj/Fire      0%         2x1d4     100%        1
 Sandblast                Erth           0%         2d4       100%        1
 Passwall                 Tmut/Erth      0%         N/A       100%        2
 Wereblood                Tmut           0%         N/A       100%        2
 Conjure Flame            Conj/Fire      0%         6-21      100%        3
 Inner Flame              Hex/Fire       0%         N/A       100%        3
 Portal Projectile        Hex/Tloc       0%         N/A       100%        3
 Spider Form              Tmut/Pois      0%         N/A       100%        3
 Passage of Golubria      Tloc           N/A        N/A       100%        4
 Blade Hands              Tmut           0%         N/A       100%        5
 Excruciating Wounds      Necr           0%         N/A       100%        5
 Lee's Rapid Deconstruct  Erth           0%         3d5*      100%        5
 Silence                  Hex/Air        0%         N/A       100%        5
 Lehudib's Crystal Spear  Conj/Erth      0%         10d2      100%        8


Dungeon Overview and Level Annotations

Branches:
Dungeon (5/15)              Sewer (visited)
 Temple: D:4-7

Altars:
Hepliaklqana
Kikubaaqudgha
Nemelex Xobeh
Ru


Message History

You are too injured to fight recklessly!
You are too injured to fight recklessly!
You are too injured to fight recklessly!
You are too injured to fight recklessly!
You are too injured to fight recklessly!
You are too injured to fight recklessly!
You are too injured to fight recklessly!
You are too injured to fight recklessly!
Unknown command.
Sorry, you're not good enough to have a special ability.
You feel much better. The iguana completely misses you.
You block the acid dragon's attack. The acid dragon claws you.
Your shield and chain mail prevent you from hitting the acid dragon.
You hit the iguana but do no damage. You block the iguana's attack.
You block the acid dragon's attack.
The acid dragon claws you but does no damage.
The iguana bites you!
Unknown command.
You hit the acid dragon.
The acid dragon is moderately wounded.
You barely miss the iguana. The acid dragon spits acid at you.
The splash of acid hits you!
You are splashed with acid!
* * * LOW HITPOINT WARNING * * *
The iguana bites you but does no damage.
You slash the iguana!
You kill the iguana!
You slash the acid dragon! You block the acid dragon's attack. x2
Unknown command.
You slash the acid dragon!
The acid dragon is almost dead.
The acid dragon bites you but does no damage.
The acid dragon claws you but does no damage.
You closely miss the acid dragon.
The acid dragon is almost dead.
The acid dragon spits acid at you. The splash of acid hits you.
* * * LOW HITPOINT WARNING * * *
The acid corrodes you!
You are splashed with acid!
You die...

#)# #.####.#
#......#
#...####.# #
#.####.##. .#
#.####>........
..
#.......###....
.#
#######.###.#..
#....@.......#
#....D.......#
#.............
#......(......
#[............
#.............
#.............
#...........)


You could see an acid dragon (catching breath).

Vanquished Creatures
  An ice beast (D:5)
  Purgy (Sewer)
  A sky beast (D:5)
  2 ogres (D:4)
  A centaur (D:4)
  A scorpion (D:5)
  A hound (D:5)
  2 jellies
  Terence (D:3)
  2 iguanas
  2 hound skeletons (D:4)
  3 gnolls (D:3)
  10 adders
  A river rat (D:4)
  An ufetubus (D:4)
  2 adder skeletons (D:4)
  2 worms
  3 dart slugs
  2 orcs
  6 endoplasms
  3 giant cockroaches
  4 goblins
  11 hobgoblins
  19 jackals
  A quokka (D:1)
  14 ball pythons
  8 bats
  8 frilled lizards
  11 kobolds
  10 rats
134 creatures vanquished.

Vanquished Creatures (others)
  A fungus (D:3)
1 creature vanquished.

Grand Total: 135 creatures vanquished

Notes
Turn   | Place    | Note
-------+----------+-------------------------------------------
     0 | D:1      | Kinoniko the Hill Orc Fighter began the quest for the Orb.
     0 | D:1      | Reached XP level 1. HP: 19/19 MP: 1/1
   109 | D:1      | Reached skill level 3 in Axes
   247 | D:1      | Reached XP level 2. HP: 15/26 MP: 2/2
   460 | D:1      | Reached skill level 4 in Axes
   640 | D:1      | Reached XP level 3. HP: 30/31 MP: 3/3
   985 | D:2      | Reached skill level 5 in Axes
  1319 | D:2      | Reached XP level 4. HP: 39/39 MP: 4/4
  1465 | D:3      | Reached skill level 6 in Axes
  1584 | D:3      | Found a faded altar of an unknown god.
  1696 | D:3      | Noticed Terence
  1708 | D:3      | Killed Terence
  1709 | D:3      | Reached XP level 5. HP: 27/45 MP: 5/5
  2049 | D:3      | Reached skill level 7 in Axes
  2575 | D:4      | Found an ancient bone altar of Kikubaaqudgha.
  2600 | D:4      | Noticed a centaur
  2605 | D:4      | Killed a centaur
  2606 | D:4      | Reached XP level 6. HP: 45/51 MP: 6/6
  2755 | D:4      | Found a sacrificial altar of Ru.
  2833 | D:4      | Reached skill level 8 in Axes
  3060 | D:4      | Found a glowing drain.
  3090 | Sewer    | Entered a sewer
  3138 | Sewer    | Reached XP level 7. HP: 57/57 MP: 7/7
  3151 | Sewer    | Noticed Purgy
  3163 | Sewer    | Killed Purgy
  3164 | Sewer    | Reached skill level 9 in Axes
  3349 | D:4      | Found a sparkling altar of Nemelex Xobeh.
  3445 | D:4      | Identified the +1 leather armour "Ceizahau" {Rampage Regen+
                  | Int+2 Stlth+}
  3449 | D:4      | Reached skill level 5 in Shields
  3832 | D:5      | Entered Level 5 of the Dungeon
  4008 | D:5      | Found a hazy altar of Hepliaklqana.
  4074 | D:5      | Reached skill level 10 in Axes
  4147 | D:5      | Reached XP level 8. HP: 49/64 MP: 8/8
  4348 | D:5      | Splashed by an acid dragon's acid

Illustrated notes

Levels and vault maps discovered:
D:1:      mrwooster_arrival_arrow, layout_rooms, columned_hall_lemuel
D:2:      layout_rooms, serial_bayou_pond_e, grunt_ministairs_1
D:3:      layout_loops_cross, shapermc_ecumenical_altar_acropolis,
          minmay_randomly_rotated_circles, uniq_terence
D:4:      minmay_thinvault, layout_rooms, nicolae_kikubaaqudgha_miasma_corner,
          old_standard_altar, kennysheep_mini_moat, portal_sewer_entry_c
D:5:      layout_basic, nzn_hepliaklqana_mist_gate

Skill      XL: |  1  2  3  4  5  6  7  8 |
---------------+-------------------------+-----
Axes           | 3 4 5 6 7 8 10 | 10.8
Shields        | 4 5 6 |  6.1
Fighting       | |  3.6
Armour         | |  3.2

Action                   |  1- 3 |  4- 6 |  7- 9 || total
-------------------------+-------+-------+-------++-------
Melee: War axe           |   122 |   216 |    99 ||   437
  Use: Scroll            |       |     7 |     4 ||    11
       Potion            |       |       |     7 ||     7
Armor: Scale mail        |    45 |       |       ||    45
       Chain mail        |    36 |   131 |    60 ||   227
Dodge: Dodged            |    68 |    78 |    14 ||   160
Block: Kite shield       |       |   108 |    81 ||   189
